Map: Ruins of Seras

Players

zevon

  • Race: Zerg Zerg
  • League: Grandmaster

Juggernewt - Winner!

  • Race: Terran Terran
  • League: Bronze

VOD

Have the link to the VOD?

Description

Time

  • Played on: Aug. 16, 2015, 7:21 p.m.
  • Length: 10:40
Show
View Real Time Build Order
Export as new Build Order

zevon Zerg 

Build Orders: Hatch First 

Get SALT Encoding   

  12  0:01  Drone  
  13  0:08  Drone  
  14  0:17  Overlord  
  14  0:29  Extractor  
  14  0:30  Drone  
  14  0:37  Drone x2  
  16  0:59  Hatchery  
  16  1:01  Drone  
  16  1:02  Drone  
  17  1:14  Drone  
  18  1:18  Drone  
  19  1:30  Drone  
  20  1:38  Overlord  
  20  1:51  Spawning Pool  
  19  1:54  Overlord  
  19  2:04  Drone  
  20  2:13  Drone x2  
  22  2:22  Drone  
  23  2:23  Drone  
  24  2:32  Drone  
  24  2:33  Drone  
  26  2:38  Queen x2  
  26  2:42  Drone  
  31  2:45  Drone  
  32  2:56  Drone x2  
  34  2:58  Hatchery  
  33  3:08  Drone x2  
  33  3:12  Metabolic Boost  
  35  3:17  Queen  
  37  3:25  Overlord  
  37  3:30  Zergling x4  
  37  3:31  Zergling x2  
  40  3:37  Lair  
  40  3:39  Drone x2  
  42  3:52  Drone x3  
  45  3:57  Extractor  
  45  4:01  Extractor x2  
  42  4:17  Queen  
  44  4:28  Drone x2  
  46  4:34  Drone x2  
  46  4:35  Drone  
  46  4:37  Drone x3  
  52  4:40  Drone x3  
  52  4:43  Drone  
  56  4:51  Overlord x3  
  56  4:52  Overlord  
  56  5:05  Spire  
  55  5:12  Evolution Chamber  
  54  5:20  Drone  
  54  5:21  Drone x2, Infestation Pit  
  56  5:29  Drone x6  
  56  5:30  Drone  
  56  5:31  Overlord x2  
  63  5:47  Zerg Ground Armor Level 1  
  63  5:55  Spire  
  62  5:59  Drone  
  62  6:00  Drone  
  62  6:01  Drone  
  62  6:02  Drone x2  
  67  6:06  Pneumatized Carapace  
  67  6:11  Drone x4  
  71  6:14  Extractor  
  71  6:15  Extractor  
  69  6:24  Mutalisk x5  
  69  6:25  Mutalisk  
  81  6:28  Hatchery, Zergling x14  
  81  6:29  Zergling x2  
  88  7:14  Hive  
  88  7:15  Zerg Flyer Weapons Level 1  
  88  7:17  Zerg Flyer Armor Level 1  
  88  7:19  Mutalisk x2  
  88  7:20  Mutalisk x2  
  88  7:21  Zergling x8  
  88  7:22  Zergling x12  
  106  7:34  Overlord x3  
  106  7:35  Overlord  
  106  7:42  Extractor  
  105  7:47  Extractor  
  104  7:56  Overseer x2  
  94  8:08  Spore Crawler  
  79  8:16  Spore Crawler  
  77  8:22  Spore Crawler  
  76  8:29  Queen  
  76  8:33  Extractor  
  78  8:34  Drone x5, Mutalisk  
  78  8:35  Drone, Mutalisk x7  
  78  8:36  Mutalisk x3  
  105  9:13  Greater Spire  
  105  9:17  Queen  
  105  9:19  Drone x2  
  105  9:20  Drone x5  
  114  9:51  Drone x2  
  114  9:52  Drone  
  117  10:02  Mutalisk x4, Corruptor x3  
  117  10:03  Corruptor x2  
  117  10:05  Overlord x6  
  132  10:21  Zergling x4  
  132  10:22  Zergling x8  
  132  10:23  Zergling x2  
Show
View Real Time Build Order
Export as new Build Order

Juggernewt Terran - Winner!

Build Orders: MMM Bio 

Get SALT Encoding   

  12  0:01  SCV  
  13  0:13  SCV  
  14  0:19  Supply Depot  
  14  0:25  SCV  
  15  0:41  SCV  
  16  0:43  Barracks  
  16  0:53  SCV  
  17  1:05  SCV  
  18  1:17  SCV  
  19  1:25  Command Center  
  19  1:30  Orbital Command  
  19  1:34  Marine  
  20  1:53  Barracks  
  20  1:55  Barracks  
  20  1:56  Marine  
  21  2:03  SCV  
  22  2:12  Supply Depot  
  22  2:17  Supply Depot  
  22  2:19  SCV  
  23  2:30  Refinery  
  23  2:33  SCV  
  24  2:38  Refinery  
  24  2:48  Orbital Command  
  24  2:49  SCV  
  25  3:00  Marine x2  
  25  3:02  SCV, Marine  
  29  3:14  SCV x2  
  29  3:16  Engineering Bay  
  31  3:20  Barracks Reactor  
  31  3:21  Barracks Tech Lab  
  31  3:26  SCV  
  32  3:29  SCV  
  32  3:32  Barracks Tech Lab  
  33  3:38  SCV  
  34  3:41  SCV  
  35  3:50  SCV  
  35  3:52  Factory  
  35  3:53  SCV, Engineering Bay  
  37  4:01  Stimpack  
  37  4:03  SCV  
  37  4:05  SCV  
  37  4:07  Refinery x2  
  39  4:14  Marine x2, Marauder x2  
  44  4:21  SCV x2  
  46  4:33  SCV, Combat Shields  
  47  4:48  Marine x2, Marauder x2  
  53  4:53  Starport  
  53  4:55  Command Center, Factory Tech Lab  
  53  5:03  Terran Infantry Weapons Level 1  
  53  5:06  Marine  
  54  5:13  Terran Infantry Armor Level 1  
  54  5:35  Starport  
  54  5:37  Factory Tech Lab  
  54  5:39  Refinery x2  
  54  5:41  Cloaking Field  
  54  5:52  Supply Depot, Concussive Shells  
  54  5:55  Supply Depot  
  54  5:57  Supply Depot  
  54  6:04  Banshee, SCV x2, Marine x2  
  54  6:08  Orbital Command  
  61  6:16  SCV x2  
  63  6:25  Marauder x2  
  67  6:28  SCV x2  
  67  6:29  Banshee  
  72  6:40  SCV  
  72  6:41  Factory Reactor  
  72  6:43  Starport  
  73  6:50  Fusion Core  
  73  6:52  Marauder x2  
  73  6:54  Banshee  
  80  6:57  SCV x2  
  82  7:03  SCV  
  83  7:09  SCV x2  
  83  7:14  Marauder x2  
  83  7:15  SCV  
  90  7:21  SCV  
  91  7:33  Armory, Banshee  
  91  7:35  Marauder x2, Marine x2  
  100  7:41  Supply Depot  
  100  7:42  Supply Depot  
  100  7:43  Supply Depot  
  100  7:53  Marine  
  100  7:55  Liberator x3  
  100  7:56  Marauder  
  101  8:06  Marauder, Marine  
  101  8:10  Marine  
  110  8:18  Barracks, Marauder  
  110  8:19  Barracks  
  112  8:21  Terran Infantry Weapons Level 2, Terran Infantry Armor Level 2  
  112  8:22  Barracks  
  112  8:23  Barracks  
  112  8:24  Marine  
  110  8:27  Liberator, Marine  
  108  8:37  Liberator  
  111  8:49  Marauder x2  
  111  8:50  Marine x2  
  111  8:51  Liberator x2  
  120  9:10  Barracks Tech Lab x2, Marauder  
  120  9:13  Barracks Reactor  
  120  9:14  Marine x3  
  120  9:15  Marine  
  126  9:31  Marine  
  126  9:32  Marine x4  
  126  9:34  Marauder  
  133  10:07  Marine x2, Marauder  
  133  10:08  Marine  
  133  10:12  Marine  
  133  10:13  Marauder  
Tags
 
Add a new tag
Caveats
  • Supply blocks, unpowered buildings, or Contaminate may cause inaccurate times.
  • Supply counts are checked every 10 seconds.